 Seeded DCSS version 0.30.1-11-g7821555f0a (webtiles) character file.

Game seed: 430007637681659361 (custom seed)

18 strifetoe the Trooper (level 2, -2/24 HPs)
             Began as a Demonspawn Fighter on Nov 9, 2023.
             Slain by Terence
             ... wielding a +0 hand axe of electrocution
              (16 damage)
             ... on level 2 of the Dungeon.
             The game lasted 00:00:32 (431 turns).

strifetoe the Trooper (Demonspawn Fighter)           Turns: 431, Time: 00:00:33

Health: -2/24      AC:  6    Str: 16    XL:     2   Next: 48%
Magic:  2/2        EV:  8    Int:  9    God:
Gold:   16         SH:  4    Dex: 12    Spells: 1/1 levels left

rFire   . . .        g - +3 war axe
rCold   . . .        c - +0 buckler
rNeg    . . .        b - +0 scale mail
rPois   .            (no helmet)
rElec   .            (no cloak)
rCorr   .            (no gloves)
SInv    .            (no boots)
Will    .....        (no amulet) Stlth
                     (no ring)
HPRegen 0.24/turn    (no ring)
MPRegen 0.16/turn

%: no passive effects
@: mighty
A: magic regeneration
a: no special abilities


You were on level 2 of the Dungeon.
You visited 1 branch of the dungeon, and saw 2 of its levels.

You collected 16 gold pieces.

Inventory:

Hand Weapons
 a - a +0 war axe
 g - a +3 war axe (weapon)
Armour
 b - a +0 scale mail (worn)
 c - a +0 buckler (worn)
Jewellery
 i - a ring of flight
Scrolls
 e - 2 scrolls of noise {unknown}
 f - a scroll of vulnerability {unknown}
 h - a scroll of brand weapon {unknown}
 k - a scroll of fear {unknown}
Potions
 j - a potion of cancellation {unknown}


   Skills:
 - Level 3.0 Fighting
 + Level 2.9 Axes
 - Level 2.6 Armour
 - Level 2.6 Shields


You had one spell level left.
You didn't know any spells.
Your spell library was empty.

Dungeon Overview and Level Annotations

Branches:
Dungeon (2/15)

Altars:

Annotations:
D:2 Terence


Innate Abilities, Weirdness & Mutations

You regenerate magic rapidly.


Message History

No target in view!
No target in view!
No target in view!
No target in view!
No target in view!
No target in view!
No target in view!
There is a stone staircase leading down here.
You climb downwards.
There is a stone staircase leading up here.
A giant cockroach is nearby!
You slash the giant cockroach!
You kill the giant cockroach!
Found a stone staircase leading down.
Found 5 stones.
There is a stone staircase leading down here.
Terence and an adder come into view.
Terence is wielding a +0 hand axe of electrocution and carrying a wand of flame (26).
Terence shouts!
Terence moves out of view.
Found a helmet.
You see here 5 stones.
Found a stone.
A ball python comes into view.
You see here 5 stones.
The adder attacks as you move away! The adder bites you.
Terence screams, "I'm going to kill you!"
The adder bites you. The adder attacks as you move away!
The adder closely misses you.
You hit the adder.
The adder is moderately wounded.
The adder bites you but does no damage. The adder barely misses you.
You feel very mighty all of a sudden. The adder bites you.
You slash the adder!
You kill the adder!
Terence hits you with a +0 hand axe of electrocution.
You are electrocuted!
Ouch! That really hurt!
You die...

####
#####..##
#.....>.#
#####.#####.#
#...†<# #.#
#..##### #@#
.. #@# #(###
#.S.# #.....#
#..........
#...........
#........S..
#...........


You could see Terence and a ball python.

Vanquished Creatures
  An adder (D:2)
  A dart slug (D:1)
  3 giant cockroaches
  A goblin (D:1)
  2 hobgoblins (D:1)
  A quokka (D:1)
  2 ball pythons (D:1)
  3 bats (D:1)
  A frilled lizard (D:1)
  A rat (D:1)
16 creatures vanquished.

Notes
Turn   | Place    | Note
-------+----------+-------------------------------------------
     0 | D:1      | strifetoe the Demonspawn Fighter began the quest for the
                  | Orb.
     0 | D:1      | Reached XP level 1. HP: 18/18 MP: 1/1
   223 | D:1      | Gained mutation: You regenerate magic rapidly. [demonic
                  | ancestry]
   223 | D:1      | Reached XP level 2. HP: 24/24 MP: 2/2
   423 | D:2      | Noticed Terence
   431 | D:2      | Slain by Terence

Illustrated notes

Levels and vault maps discovered:
D:1:      wander_arrival_chamber, layout_basic, kennysheep_boxes
D:2:      layout_rooms, dilly_ecumenical_altar_fadedgnrine, basic_altar,
          uniq_terence

Skill      XL: |  1 |
---------------+----+-----
Axes           | 2 |  2.9
Fighting       | |  3.0
Armour         | |  2.6
Shields        | |  2.6

Action                     || total
---------------------------++-------
  Melee: War axe           ||    41
    Use: Potion            ||     1
 Armour: Scale mail        ||    26
  Dodge: Dodged            ||    20
  Block: Buckler           ||    13
